 Dungeon Crawl Stone Soup version 0.31-a0-217-g58bb5d79cf (webtiles) character file.

Game seed: 16830347635430627382

458 qw the Chopper (level 7, -14/43 HPs)
             Began as a Gargoyle Fighter on July 2, 2023.
             Demolished by an ogre
             ... wielding a +0 giant spiked club
              (17 damage)
             ... on level 4 of the Dungeon.
             The game lasted 00:01:43 (3185 turns).

qw the Chopper (Gargoyle Fighter)                   Turns: 3185, Time: 00:01:44

Health: -14/43     AC: 11    Str: 21    XL:     7   Next: 6%
Magic:  7/7        EV:  9    Int:  9    God:
Gold:   230        SH:  4    Dex:  9    Spells: 6/6 levels left

rFire   . . .        Y - +0 war axe
rCold   . . .        c - +0 buckler
rNeg    + . .        b - +0 scale mail
rPois   inf          (no helmet)
rElec   +            (no cloak)
rCorr   .            (no gloves)
SInv    .            (no boots)
Will    .....        (no amulet) Stlth
                     (no ring)
HPRegen 0.27/turn    (no ring)
MPRegen 0.10/turn

%: no passive effects
@: no status effects
A: sickness immunity, AC +4, negative energy resistance 1, electricity
resistance, torment resistance 1, petrification resistance
a: no special abilities


You were on level 4 of the Dungeon.
You visited 1 branch of the dungeon, and saw 4 of its levels.

You collected 230 gold pieces.


Innate Abilities, Weirdness & Mutations

You are immune to sickness and miasma.
Your stone body is resilient. (AC +4)
You are immune to poison.
You resist negative energy. (rN+)
You are resistant to electric shocks. (rElec)
You are resistant to unholy torment.
You are immune to petrification.


   Skills:
 - Level 4.0 Fighting
 + Level 6.2 Axes
 - Level 3.2 Armour
 - Level 1.0 Dodging
 - Level 3.2 Shields


You had 6 spell levels left.
You didn't know any spells.
Your spell library was empty.

Inventory:

Hand Weapons
 h - a +0 whip
 Y - a +0 war axe (weapon)
Armour
 b - a +0 scale mail (worn)
 c - a +0 buckler (worn)
Jewellery
 g - a ring of willpower
Scrolls
 a - a scroll of identify
Potions
 d - a potion of might
 e - a potion of attraction
 f - 2 potions of resistance
 i - a potion of haste {unknown}
 j - a potion of brilliance {unknown}
 k - a potion of ambrosia {unknown}
 m - 3 potions of enlightenment {unknown}

Dungeon Overview and Level Annotations

Branches:
Dungeon (4/15)
 Temple: D:4-7

Altars:


Message History

Enter note:
Enter note:
Enter note:
Enter note:
Enter note:
Enter note:
Enter note:
Enter note: An ogre comes into view. It is wielding a +0 giant spiked club.
The ogre shouts!
Enter note:
Enter note:
Enter note:
Enter note:
Enter note:
Enter note:
Enter note:
Enter note:
Enter note:
Enter note:
Enter note:
Enter note:
Enter note:
Enter note:
Enter note:
Enter note:
Enter note:
Enter note: You hit the ogre but do no damage.
The ogre hits you with a +0 giant spiked club!
You barely miss the ogre.
The ogre hits you with a +0 giant spiked club!
You slash the ogre!
The ogre is heavily wounded.
The ogre hits you with a +0 giant spiked club!!
Ouch! That really hurt!
You hit the ogre.
The ogre is severely wounded.
The ogre hits you with a +0 giant spiked club!
You die...

### ##.### #
##....## #
#.##.@O# #
###.####...#
##########..##
#....#
.........)..#
#.....
............#
#....
............#
#...
........#...#
#..
.......#....##
..
.............#


You could see an ogre.

Vanquished Creatures
  Sigmund (D:2)
  An orc priest (D:4)
  A hound (D:4)
  A sleepcap (D:4)
  An iguana (D:4)
  An orc wizard (D:4)
  3 gnolls (D:3)
  4 adders
  2 worms
  A dart slug (D:4)
  10 orcs
  3 ball pythons
  10 endoplasms
  2 giant cockroaches
  4 goblins
  11 hobgoblins
  3 jackals (D:1)
  A quokka (D:1)
  6 bats
  2 frilled lizards
  7 kobolds
  6 rats
81 creatures vanquished.

Notes
Turn   | Place    | Note
-------+----------+-------------------------------------------
     0 | D:1      | qw the Gargoyle Fighter began the quest for the Orb.
     0 | D:1      | Reached XP level 1. HP: 14/14 MP: 1/1
     0 | D:1      | 0 ||| qw: Version: 0.3-a-40-ge99b1a8
     0 | D:1      | 0 ||| qw: Game counter: 8008
     0 | D:1      | 0 ||| qw: Melee chars always use a shield: true
     0 | D:1      | 0 ||| qw: God list: Okawaru
     0 | D:1      | 0 ||| qw: Allow faded altars: false
     0 | D:1      | 0 ||| qw: Do Orc after clearing Dungeon:15 true
     0 | D:1      | 0 ||| qw: Do second Lair branch before Depths: true
     0 | D:1      | 0 ||| qw: Lair rune preference: random
     0 | D:1      | 0 ||| qw: Goals: Normal, Zot:1-4, Slime:5, God:TSO, Crypt,
                  | Tomb, Abyss, Pan, Hells, Win
     0 | D:1      | 0 ||| PLANNING D:1-11
    41 | D:1      | Reached skill level 2 in Axes
   165 | D:1      | Reached XP level 2. HP: 19/19 MP: 2/2
   386 | D:1      | Reached skill level 3 in Axes
   411 | D:1      | Reached XP level 3. HP: 23/23 MP: 3/3
   690 | D:1      | 690 ||| READING 2 scrolls labelled VIPTUI AQIJAFE.
   691 | D:1      | 691 ||| READING scroll labelled OXKIEH AXZYST.
   692 | D:1      | 692 ||| READING scroll labelled NEOMOU MAGACK.
   696 | D:1      | 696 ||| READING scroll labelled DUOSUA IREFICK.
   772 | D:2      | Noticed Sigmund
   773 | D:2      | 773 ||| Stepping ~*~*~tactically~*~*~ (hiding).
   774 | D:2      | 774 ||| Stepping ~*~*~tactically~*~*~ (hiding).
   775 | D:2      | 775 ||| Stepping ~*~*~tactically~*~*~ (hiding).
   784 | D:2      | Killed Sigmund
   785 | D:2      | Reached skill level 5 in Axes
   785 | D:2      | Reached XP level 4. HP: 20/28 MP: 4/4
   785 | D:2      | Reached XP level 5. HP: 23/32 MP: 5/5
   786 | D:2      | 786 ||| FLEEEEING.
   787 | D:2      | 787 ||| FLEEEEING.
   788 | D:2      | 788 ||| FLEEEEING.
   789 | D:2      | 789 ||| STAIRDANCE
   840 | D:1      | 840 ||| READING scroll labelled GILYWI HAJEH.
   841 | D:1      | 841 ||| READING 2 scrolls of identify.
   841 | D:1      | 841 ||| IDENTIFYING ruby potion
   992 | D:2      | 992 ||| DROPPING +0 club.
  1114 | D:2      | Reached XP level 6. HP: 38/38 MP: 6/6
  1182 | D:2      | 1182 ||| READING scroll labelled CEMEUN XIANEU.
  1183 | D:2      | 1183 ||| READING 3 scrolls of identify.
  1183 | D:2      | 1183 ||| IDENTIFYING bubbling orange potion
  1184 | D:2      | 1184 ||| READING 2 scrolls of identify.
  1184 | D:2      | 1184 ||| IDENTIFYING green potion
  1185 | D:2      | 1185 ||| DROPPING potion of invisibility.
  1239 | D:3      | 1239 ||| Stepping ~*~*~tactically~*~*~ (stealth).
  1248 | D:3      | 1248 ||| Stepping ~*~*~tactically~*~*~ (stealth).
  1251 | D:3      | 1251 ||| Stepping ~*~*~tactically~*~*~ (stealth).
  1252 | D:3      | 1252 ||| Stepping ~*~*~tactically~*~*~ (stealth).
  1278 | D:3      | 1278 ||| Stepping ~*~*~tactically~*~*~ (stealth).
  1593 | D:3      | Found a faded altar of an unknown god.
  1688 | D:3      | Reached skill level 1 in Dodging
  1931 | D:3      | 1931 ||| READING 2 scrolls labelled LALACU ZUMAQ.
  1932 | D:3      | 1932 ||| READING scroll labelled ELULES TIUSMU.
  1933 | D:3      | 1933 ||| DROPPING scroll of fog.
  1967 | D:4      | 1967 ||| Stepping ~*~*~tactically~*~*~ (hiding).
  2237 | D:4      | 2237 ||| Stepping ~*~*~tactically~*~*~ (hiding).
  2580 | D:4      | 2580 ||| Stepping ~*~*~tactically~*~*~ (hiding).
  2582 | D:4      | 2582 ||| Stepping ~*~*~tactically~*~*~ (hiding).
  2584 | D:4      | 2584 ||| Stepping ~*~*~tactically~*~*~ (hiding).
  2585 | D:4      | 2585 ||| Stepping ~*~*~tactically~*~*~ (hiding).
  2586 | D:4      | 2586 ||| Stepping ~*~*~tactically~*~*~ (hiding).
  2587 | D:4      | 2587 ||| Stepping ~*~*~tactically~*~*~ (hiding).
  2588 | D:4      | 2588 ||| Stepping ~*~*~tactically~*~*~ (hiding).
  2590 | D:4      | 2590 ||| Stepping ~*~*~tactically~*~*~ (hiding).
  2722 | D:4      | 2722 ||| Stepping ~*~*~tactically~*~*~ (stealth).
  2734 | D:4      | Reached skill level 6 in Axes
  2758 | D:4      | Reached XP level 7. HP: 24/43 MP: 7/7
  3184 | D:4      | HP: 3/43 [ogre/+0 giant spiked club (22)]
  3185 | D:4      | Demolished by an ogre

Levels and vault maps discovered:
D:1:      minmay_arrival_split_and_join, layout_rooms
D:2:      layout_rooms, uniq_sigmund
D:3:      layout_loops_cross, shapermc_ecumenical_altar_hornbeckon
D:4:      layout_layer_cave, hangedman_decor_clover_reticule

Skill      XL: |  1  2  3  4  5  6 |
---------------+-------------------+-----
Axes           | 2 3 5 6 |  6.2
Fighting       | 4 |  4.0
Dodging        | 1 |  1.0
Armour         | |  3.2
Shields        | |  3.2

Action                     |  1- 3 |  4- 6 |  7- 9 || total
---------------------------+-------+-------+-------++-------
  Melee: War axe           |   100 |   155 |    19 ||   274
    Use: Scroll            |     4 |     7 |       ||    11
 Armour: Scale mail        |    47 |    89 |     5 ||   141
  Dodge: Dodged            |    37 |    50 |     7 ||    94
  Block: Buckler           |    24 |    22 |     1 ||    47

Table legend:
 A = Non-vault XP
 B = Vault XP
 C = Vault XP percentage of total XP
 D = Non-vault monster count
 E = Vault monster count
 F = Vault count percentage of total count
                 A         B        C        D         E       F
            +---------+---------+-------+---------+---------+-------
      Total |     424 |     231 |  35.3 |      80 |       1 |   1.2
            +---------+---------+-------+---------+---------+-------
        D:1 |      45 |       0 |   0.0 |      26 |       0 |   0.0
        D:2 |      44 |     231 |  84.0 |      18 |       1 |   5.3
        D:3 |      83 |       0 |   0.0 |      15 |       0 |   0.0
        D:4 |     252 |       0 |   0.0 |      21 |       0 |   0.0
            +---------+---------+-------+---------+---------+-------
